 Dungeon Crawl Stone Soup version 0.17-a0-777-g32247ce (webtiles) character file.

131254 RobertPalmer the Sharpshooter (level 17, -4/162 HPs)
             Began as a Kobold Hunter on Apr 25, 2015.
             Was the Champion of Okawaru.
             Slain by an alligator (6 damage)
             ... called by a spriggan druid
             ... on level 5 of the Swamp.
             The game lasted 02:45:45 (42895 turns).

RobertPalmer the Sharpshooter (Kobold Hunter)      Turns: 42895, Time: 02:45:45

Health: -4/162     AC: 32    Str: 11    XL:     17   Next: 66%
Magic:  21/21      EV:  3    Int: 14    God:    Okawaru [******]
Gold:   531        SH:  0    Dex: 18    Spells: 4 memorised, 3 levels left

rFire  . . .     SeeInvis .     a - +4 dagger (elec)
rCold  . . .     Clarity  .     (armour currently unavailable)
rNeg   + + +     SustAb   .     (shield restricted)
rPois  +         Gourm    .     (helmet currently unavailable)
rElec  .         Spirit   .     (cloak currently unavailable)
rCorr  .         Warding  .     (gloves currently unavailable)
rMut   .         NoTele   +     (boots currently unavailable)
MR     +....                    J - amulet of faith {Faith, !P}
Stlth  ++........               s - +4 ring of protection
                                e - ring of poison resistance {rPois, !d}

@: tree-form, somewhat resistant to hostile enchantments, unstealthy
A: carnivore 3
a: Heroism, Finesse, Renounce Religion


You were on level 5 of the Swamp.
You worshipped Okawaru.
Okawaru was exalted by your worship.
You were very hungry.
You were a tree.
You visited 5 branches of the dungeon, and saw 32 of its levels.
You also visited: Sewer and Bailey.

You collected 3176 gold pieces.
You spent 2645 gold pieces at shops.

Inventory:

Hand weapons
 a - a +4 dagger of electrocution (weapon)
   (You took it off a hobgoblin on level 1 of the Dungeon)
 b - a +6 triple crossbow of velocity
   (Okawaru gifted it to you on level 4 of the Orcish Mines)
 I - a +8 quick blade
   (Okawaru gifted it to you on level 4 of the Lair of Beasts)
Missiles
 t - 50 bolts
 R - 9 poisoned bolts
 Y - 13 silver bolts
 Z - a bolt of flame
Armour
 d - a +0 pair of boots (melded)
   (You bought it in a shop on level 6 of the Dungeon)
 h - a +0 pair of gloves of archery (melded)
   (Okawaru gifted it to you on level 8 of the Lair of Beasts)
 q - a +2 hat of intelligence (melded)
   (Okawaru gifted it to you on level 11 of the Dungeon)
 v - a +2 cloak (melded)
   (You found it on level 8 of the Lair of Beasts)
 G - the +5 ring mail "Ycua" {rF+ MR+}
   (You bought it in a shop on level 4 of the Orcish Mines)

   It protects you from fire.
   It affects your resistance to hostile enchantments.
 W - the +5 ring mail of Supple Strength (melded) {rElec rC+++ rN+ Str-3}
   (You bought it in a shop on level 4 of the Orcish Mines)

   It affects your strength (-3).
   It renders you almost immune to cold.
   It insulates you from electricity.
   It protects you from negative energy.
Jewellery
 c - a +2 ring of evasion
   (You found it on level 1 of the Lair of Beasts)
 e - a ring of poison resistance (left branch) {rPois, !d}
   (You found it on level 1 of the Dungeon)
 j - an uncursed ring of protection from fire {rF+, !d}
   (You found it on level 1 of the Dungeon)
 n - an uncursed ring of protection from cold {rC+, !d}
   (You found it on level 3 of the Dungeon)
 p - an uncursed ring of protection from magic {MR+, !d}
   (You found it on level 3 of the Swamp)
 s - a +4 ring of protection (right branch)
   (You found it on level 4 of the Dungeon)
 w - an uncursed ring of magical power {unknown}
   (You found it on level 3 of the Swamp)
 D - an uncursed ring of protection from magic {MR+, !d}
   (You found it on level 7 of the Dungeon)
 J - an amulet of faith (around neck) {Faith, !P}
   (You found it on level 7 of the Dungeon)
 M - an uncursed amulet of regeneration {+regen, !d}
   (You found it on level 9 of the Dungeon)
Magical devices
 y - a wand of paralysis (5)
   (You found it on level 1 of the Swamp)
 A - a wand of teleportation (4)
   (You found it on level 8 of the Dungeon)
Scrolls
 g - 12 scrolls of remove curse
 x - a scroll of recharging
 B - 2 scrolls of fog
 C - 3 scrolls of amnesia
 F - 4 scrolls of magic mapping {!r}
 T - a scroll of teleportation
Potions
 i - 4 potions of restore abilities
 l - 3 potions of flight
 r - 2 potions of lignification {!q}
 u - a potion of magic
 E - a potion of cancellation
 N - 5 potions of brilliance
 P - 2 potions of resistance
 U - a potion of berserk rage {unknown}
 X - a potion of beneficial mutation {unknown}
Books
 H - a book of Annihilations {highlevel, unknown}
   (You found it on level 1 of the Swamp)
 K - a book of the Sky
   (You found it on level 5 of the Lair of Beasts)
 L - a book of Unlife
   (You found it on level 3 of the Swamp)
 O - a book of Enchantments
   (You found it on level 6 of the Lair of Beasts)
 Q - a book of Dreams
   (You found it on level 13 of the Dungeon)
Comestibles
 f - 7 beef jerkies
 k - 4 royal jellies
 o - 9 slices of pizza
 z - 9 meat rations {@e2}


   Skills:
 - Level 12.7 Fighting
 - Level 11.1 Short Blades
 - Level 20.6 Crossbows
 + Level 7.4 Armour
 - Level 13.1 Dodging
 - Level 1.3 Stealth
 - Level 8.5 Charms
 - Level 6.7 Summonings
 - Level 3.0 Necromancy
 - Level 6.2 Invocations


You had 3 spell levels left.
You knew the following spells:

 Your Spells              Type           Power        Failure   Level  Hunger
a - Summon Mana Viper     Hex/Summ       #.......     99%         5    ######.
A - Animate Dead          Necr           N/A          82%         4    #####..
B - Summon Butterflies    Summ           ###.....     1%          1    ##.....
F - Flight                Chrm/Air       ##........   17%         3    ####...


Dungeon Overview and Level Annotations

Branches:
Dungeon (14/15)            Temple (1/1) D:7            Lair (8/8) D:10
  Swamp (5/5) Lair:3       Spider (0/5) Lair:4        Slime (0/6) Lair:6
    Orc (4/4) D:10            Elf (0/3) Orc:4        Vaults (0/5) D:13

Altars:
Ashenzari
Cheibriados
Dithmenos
Elyvilon
Fedhas
Gozag
Kikubaaqudgha
Makhleb
Nemelex Xobeh
Okawaru
Qazlal
Ru
Sif Muna
Trog
Vehumet
Xom
Yredelemnul
Zin
The Shining One

Shops:
D:4 }   D:6 [?%   Orc:1 }   Orc:4 ?[*[

Annotations:
D:2 1 runed door
D:5 Grinder, Prince Ribbit
Lair:3 exclusion: hydra
Lair:5 Rupert
Orc:3 exclusion: Urug, Urug


Innate Abilities, Weirdness & Mutations

You are small and have problems with some larger weapons.
You are carnivorous and can eat meat at any time.


Message History

The bolt of flame hits the six-headed hydra!
The bolt of flame burns the six-headed hydra.
You hear a splash.
Branches wave dangerously above you.
The spriggan druid casts a spell at you.
The stone arrow misses you.
A four-headed hydra comes into view.
Aim: a six-headed hydra (moderately wounded)
You shoot a bolt of flame.
The bolt of flame hits the six-headed hydra!
The bolt of flame burns the six-headed hydra.
The spriggan druid closely misses you.
Aim: a six-headed hydra (thin mist, severely wounded)
You shoot a bolt of flame.
The bolt of flame hits the six-headed hydra!!
The bolt of flame burns the six-headed hydra!
You kill the six-headed hydra!
Okawaru accepts your kill.
You hear a splash.
The spriggan druid hits you with a quarterstaff!
An alligator comes into view.
You take 9 damage, and have 79/108 hp.
Aim: a four-headed hydra You shoot a bolt of flame.
The bolt of flame hits the four-headed hydra!!
The bolt of flame burns the four-headed hydra!
Tree limbs sway around you.
The spriggan druid hits you with a quarterstaff!
You take 11 damage, and have 68/108 hp.
Aim: a four-headed hydra (heavily wounded)
You shoot a bolt of flame.
The bolt of flame hits the four-headed hydra!!!
The bolt of flame burns the four-headed hydra!
You kill the four-headed hydra!
Okawaru accepts your kill.
The spriggan druid hits you with a quarterstaff!
You take 7 damage, and have 61/108 hp.
You hear the crackle of electricity.
a - a +4 dagger of electrocution (weapon)
The alligator puts on a burst of speed!
You hit the spriggan druid.
There is a sudden explosion of sparks!
The spriggan druid completely misses you.
The alligator misses you. The alligator completely misses you.
You hit the spriggan druid. You miss the spriggan druid.
The alligator bites you but does no damage.
The alligator tail-slaps you.
You take 5 damage, and have 57/108 hp.
You puncture the spriggan druid!
With its final breath, the spriggan druid offers up its power to the beasts of the wild!
The alligator seems to grow more fierce.
You kill the spriggan druid!
Okawaru accepts your kill.
The forest abruptly stops moving.
You hit the alligator. The alligator barely misses you.
The alligator barely misses you.
You hit the alligator. The alligator bites you!
The alligator barely misses you.
You take 11 damage, and have 46/108 hp.
You hit the alligator but do no damage.
Unknown command.
You puncture the alligator!
The alligator bites you but does no damage.
The alligator tail-slaps you!
You take 8 damage, and have 38/108 hp.
You hit the alligator. The alligator bites you.
* * * LOW HITPOINT WARNING * * *
The alligator tail-slaps you but does no damage.
You take 6 damage, and have 32/108 hp.
Unknown command.
Drink which item? (? for menu, Esc to quit)
Really quaff
r - 3 potions of lignification {!q}?
You turn into a tree.
Your +2 cloak melds into your body.
Your +2 hat of intelligence melds into your body.
Your +0 pair of gloves of archery melds into your body.
Your +0 pair of boots melds into your body.
The +5 ring mail of Supple Strength {rElec rC+++ rN+ Str-3} melds into your body.
You feel stupid.
Your aim is not that steady anymore.
Your roots penetrate the ground.
The alligator bites you!
* * * LOW HITPOINT WARNING * * *
The alligator tail-slaps you but does no damage.
You now have 32/162 hp.
Unknown command.
Unknown command.
You hit the alligator. You hit the alligator but do no damage.
The alligator barely misses you. The alligator barely misses you.
You hit the alligator but do no damage.
There is a sudden explosion of sparks!
The alligator bites you but does no damage.
The alligator tail-slaps you.
* * * LOW HITPOINT WARNING * * *
You take 5 damage, and have 27/162 hp.
You hit the alligator. You hit the alligator but do no damage.
The alligator barely misses you.
The alligator tail-slaps you but does no damage.
You hit the alligator but do no damage. The alligator bites you!!
* * * LOW HITPOINT WARNING * * *
The alligator tail-slaps you.
You die...

≈♣♣ . .♣ . ≈♣
#.. ♣♣ ♣≈≈♣♣.♣♣♣
♣(§.≈..♣♣ ♣♣♣♣♣
#≈≈.(.≈♣♣♣≈♣.♣♣
#♣≈(≈≈..♣....≈♣
#≈..♣...)♣..♣♣
#..≈.♣≈(t.).♣♣
#≈≈..♣♣(.§.≈..♣
#≈§♣.≈.$≈(≈†♣.♣♣
≈≈♣♣≈...≈.(.♣♣♣
♣♣.≈♣≈P♣§...
..≈.((≈≈≈..
....(..♣≈♣.
≈.≈..≈.♣♣


You could see an alligator (frenzied).

Vanquished Creatures
  Nikola (Swamp:4)
  A very ugly thing (Swamp:3)
  Snorg (Orc:3)
  Josephine (Lair:4)
  15 hydras
  3 centaur warriors
  2 ghost crabs
  2 dancing weapons (D:13)
  6 orc high priests (Orc:4)
  9 alligators
  A spriggan berserker (Swamp:1)
  A death yak (Lair:7)
  19 spriggans
  Nergalle (Lair:2)
  The ghost of oplop the Slicer, an experienced KoBe of Trog (Bailey)
  2 skeletal warriors (D:14)
  3 shambling mangroves
  3 hill giants
  7 swamp dragons
  An unseen horror (D:11)
  An orc sorcerer (Orc:4)
  11 orc knights
  6 ugly things
  3 hornets
  4 black mambas
  2 cyclopes
  5 centaur skeletons
  A gargoyle (D:11)
  2 kobold demonologists (D:14)
  7 fire drakes
  19 spiny frogs
  4 komodo dragons
  A redback zombie (D:13)
  A queen bee (Lair:2)
  A wandering mushroom (Lair:8)
  8 spriggan druids
  5 giant leeches
  8 polar bears
  15 baby alligators
  A two-headed ogre (Orc:4)
  15 slime creatures
  2 trolls
  A boulder beetle (Lair:8)
  4 bog bodies
  13 blink frogs
  3 ravens (Swamp:1)
  4 redbacks (Lair:8)
  Sigmund (D:6)
  3 deep elf magi
  A wyvern (D:11)
  5 shadows
  5 wraiths
  66 yaks
  4 basilisks
  6 hippogriffs
  Menkaure (D:7)
  A hungry ghost (D:14)
  29 swamp worms
  13 vampire mosquitoes
  A deep elf fighter (D:10)
  20 insubstantial wisps
  A warg (Orc:2)
  A soldier ant (D:14)
  5 porcupines
  41 wolves
  48 orc warriors
  20 water moccasins
  Duvessa (D:7)
  Purgy (Sewer)
  6 ice beasts
  14 ogres
  9 black bears
  6 swamp drakes
  4 sky beasts
  8 spiders (Lair:4)
  9 centaurs
  2 necrophages
  A boring beetle (Lair:8)
  18 wasps
  2 big kobolds (D:14)
  12 crocodiles
  22 giant frogs
  Dowan (D:7)
  4 scorpions
  3 killer bees (D:10)
  7 wights
  3 electric eels
  8 crimson imps
  4 centaur zombies
  43 orc priests
  A giant frog zombie (D:12)
  12 hounds
  10 iguanas
  6 jellies
  2 spectral orcs (Lair:2)
  33 orc wizards
  13 worker ants
  23 sheep
  2 hound skeletons
  5 gnolls
  57 river rats
  12 adders
  4 shadow imps
  5 oozes
  3 adder zombies
  4 worms
  An adder skeleton (D:4)
  239 orcs
  20 bats
  A bat zombie (D:6)
  5 giant cockroaches
  16 goblins
  18 hobgoblins
  23 kobolds
  7 ball pythons
  6 giant geckos
  8 giant newts
  2 giant spores
  2 jackals (D:1)
  2 jackal skeletons (D:2)
  7 quokkas
  A quokka zombie (D:6)
  26 rats
  5 ballistomycetes
1268 creatures vanquished.

Vanquished Creatures (collateral kills)
  2 spriggans (Swamp:2)
  4 yaks (Lair:7)
  A water moccasin (Lair:7)
  2 wasps (Swamp:2)
9 creatures vanquished.

Vanquished Creatures (others)
  An ugly thing (Swamp:2)
  3 yaktaurs (Swamp:1)
  A giant leech (Swamp:5)
  4 blink frogs (Lair:6)
  A baby alligator (Swamp:4)
  A water elemental (Swamp:2)
  A vampire mosquito (Swamp:2)
  A dancing weapon (Swamp:1)
  A hell hound (Swamp:2)
  An orc wizard (D:11)
  2 orcs (D:11)
  A quokka (D:11)
  6 fungi
  10 plants
34 creatures vanquished.

Grand Total: 1311 creatures vanquished

Notes
Turn   | Place    | Note
--------------------------------------------------------------
     0 | D:1      | RobertPalmer, the Kobold Hunter, began the quest for the Orb.
     0 | D:1      | Reached XP level 1. HP: 12/12 MP: 1/1
    32 | D:1      | Reached skill level 1 in Short Blades
   170 | D:1      | Reached skill level 2 in Short Blades
   170 | D:1      | Reached XP level 2. HP: 8/17 MP: 2/2
   881 | D:1      | Reached skill level 3 in Short Blades
   917 | D:1      | Reached XP level 3. HP: 18/21 MP: 3/3
  1215 | D:2      | Reached skill level 4 in Short Blades
  1407 | D:2      | Found a runed door.
  1407 | D:2      | Noticed a human
  1410 | D:2      | Found a basalt altar of Yredelemnul.
  1562 | D:3      | Reached XP level 4. HP: 22/26 MP: 4/4
  1646 | D:3      | Reached skill level 5 in Short Blades
  1714 | D:3      | Found a shimmering altar of Xom.
  2068 | D:2      | Reached XP level 5. HP: 18/30 MP: 5/5
  2280 | D:3      | Reached skill level 6 in Short Blades
  2771 | D:4      | Reached skill level 3 in Dodging
  2771 | D:4      | Reached XP level 6. HP: 33/35 MP: 6/6
  2872 | D:4      | Found a staircase to the Ecumenical Temple.
  2893 | D:4      | Reached skill level 4 in Dodging
  3177 | D:4      | Found Jepaeteo's Gadget Boutique.
  3223 | D:4      | Reached skill level 5 in Dodging
  3287 | D:4      | HP: 8/35 [poisoned by a kobold]
  3295 | D:4      | HP: 7/35 [poisoned by a kobold]
  3797 | D:4      | Reached XP level 7. HP: 30/40 MP: 7/7
  3916 | D:4      | Reached skill level 6 in Dodging
  4382 | D:4      | Reached skill level 7 in Dodging
  4473 | D:5      | Entered Level 5 of the Dungeon
  4496 | D:5      | Noticed Grinder
  4574 | D:5      | Reached XP level 8. HP: 44/44 MP: 8/8
  4607 | D:5      | Reached skill level 8 in Dodging
  4967 | D:5      | Noticed Prince Ribbit
  5135 | D:6      | Found Yjih's Food Boutique.
  5179 | D:6      | Found a glowing drain.
  5213 | Sewer    | Entered a sewer
  5234 | Sewer    | Noticed Purgy
  5264 | Sewer    | Killed Purgy
  5264 | Sewer    | Reached skill level 7 in Short Blades
  5458 | D:6      | Noticed Sigmund
  5478 | D:6      | Killed Sigmund
  5478 | D:6      | Reached skill level 8 in Short Blades
  5582 | D:6      | Found Kialyng's Antique Armour Boutique.
  5614 | D:6      | Reached skill level 9 in Short Blades
  5623 | D:6      | Bought a pair of boots for 135 gold pieces
  5718 | D:6      | Found Taliujea's Magic Scroll Emporium.
  5726 | D:6      | Bought a scroll of identify for 28 gold pieces
  5726 | D:6      | Bought a scroll of identify for 28 gold pieces
  5726 | D:6      | Bought a scroll of identify for 28 gold pieces
  5726 | D:6      | Bought a scroll of identify for 28 gold pieces
  6546 | D:7      | Reached XP level 9. HP: 48/48 MP: 9/9
  6623 | D:7      | Reached skill level 10 in Short Blades
  6629 | D:7      | Noticed Menkaure
  6822 | D:7      | Killed Menkaure
  6822 | D:7      | Reached skill level 11 in Short Blades
  7067 | D:7      | Reached skill level 9 in Dodging
  7344 | D:7      | Reached skill level 10 in Dodging
  7394 | D:7      | Found a staircase to the Ecumenical Temple.
  7424 | D:7      | Noticed Dowan
  7425 | D:7      | Noticed Duvessa
  7441 | D:7      | Killed Dowan
  7448 | D:7      | Killed Duvessa
  7478 | Temple   | Entered the Ecumenical Temple
  7509 | Temple   | Became a worshipper of Warmaster Okawaru
  7553 | D:7      | Reached skill level 5 in Crossbows
  7572 | D:7      | Reached skill level 6 in Crossbows
  7880 | D:8      | Reached XP level 10. HP: 53/53 MP: 10/10
  7941 | D:8      | Reached skill level 7 in Crossbows
  8041 | D:8      | Acquired Okawaru's first power
  8048 | D:8      | Found a shadowy altar of Dithmenos.
  8051 | D:8      | Found a sacrificial altar of Ru.
  8051 | D:8      | Found a bloodstained altar of Trog.
  8052 | D:8      | Found an ancient bone altar of Kikubaaqudgha.
  8146 | D:8      | Reached skill level 8 in Crossbows
  8650 | D:8      | Reached skill level 9 in Crossbows
  8651 | D:8      | Upgraded the game from 0.17-a0-776-gd86b262 to 0.17-a0-777-g32247ce
  8693 | D:8      | Noticed a red ugly thing
  9090 | D:9      | Reached skill level 10 in Crossbows
  9308 | D:9      | Found an opulent altar of Gozag.
  9702 | D:9      | Reached skill level 11 in Crossbows
  9927 | D:10     | Entered Level 10 of the Dungeon
 10244 | D:9      | Received a gift from Okawaru
 10315 | D:10     | Found a staircase to the Orcish Mines.
 10534 | D:10     | Found a staircase to the Lair.
 10534 | D:10     | Noticed a hill giant
 10806 | D:10     | Reached skill level 12 in Crossbows
 10806 | D:10     | Reached XP level 11. HP: 57/57 MP: 11/11
 11118 | Lair:1   | Entered Level 1 of the Lair of Beasts
 11302 | Lair:1   | Received a gift from Okawaru
 11323 | Lair:1   | Reached skill level 13 in Crossbows
 11518 | Lair:1   | Noticed a seven-headed hydra
 11620 | Lair:1   | Acquired Okawaru's second power
 11685 | Lair:1   | Received a gift from Okawaru
 11685 | Lair:1   | Reached skill level 14 in Crossbows
 11817 | Lair:1   | Received a gift from Okawaru
 12383 | Lair:1   | Received a gift from Okawaru
 12383 | Lair:1   | Reached skill level 15 in Crossbows
 12600 | Lair:2   | Received a gift from Okawaru
 12742 | Lair:2   | Received a gift from Okawaru
 12811 | Lair:2   | Reached XP level 12. HP: 62/62 MP: 12/12
 13098 | Lair:2   | Reached skill level 16 in Crossbows
 13228 | Lair:2   | Noticed Nergalle
 13934 | Lair:3   | Noticed a six-headed hydra
 14113 | Lair:3   | Found a staircase to the Swamp.
 14461 | Lair:4   | Noticed Josephine
 14478 | Lair:4   | Reached skill level 17 in Crossbows
 14517 | Lair:3   | Received a gift from Okawaru
 14748 | Lair:4   | Found a hole to the Spider Nest.
 14761 | Lair:4   | Received a gift from Okawaru
 15162 | Lair:4   | Reached skill level 18 in Crossbows
 15169 | Lair:4   | Noticed a seven-headed hydra
 15583 | Lair:4   | Received a gift from Okawaru
 15719 | Lair:4   | HP: 8/62 [Josephine/ghostly fireball (29)]
 15726 | Lair:4   | HP: 11/62 [Josephine/vampiric draining (21)]
 15728 | Lair:4   | Killed Josephine
 15728 | Lair:4   | Reached XP level 13. HP: 11/66 MP: 13/13
 16260 | Lair:5   | Noticed Rupert
 16595 | Lair:6   | Reached skill level 1 in Invocations
 16619 | Lair:6   | Reached skill level 2 in Invocations
 16738 | Lair:6   | Found a staircase to the Slime Pits.
 16759 | Lair:6   | Reached skill level 3 in Invocations
 16923 | Lair:6   | Received a gift from Okawaru
 17071 | Lair:6   | Reached skill level 4 in Invocations
 17246 | Lair:6   | Reached skill level 5 in Invocations
 17294 | Lair:6   | Received a gift from Okawaru
 17576 | Lair:7   | Reached skill level 6 in Invocations
 17795 | Lair:7   | Reached skill level 19 in Crossbows
 17979 | Lair:7   | Received a gift from Okawaru
 18089 | Lair:7   | Received a gift from Okawaru
 18234 | Lair:7   | Received a gift from Okawaru
 18247 | Lair:7   | HP: 15/66 [electric eel/bolt of electricity (4)]
 18822 | Lair:8   | Entered Level 8 of the Lair of Beasts
 18825 | Lair:8   | Received a gift from Okawaru
 19026 | Lair:8   | Reached skill level 3 in Fighting
 19215 | Lair:8   | Reached skill level 4 in Fighting
 19427 | Lair:8   | Reached skill level 5 in Fighting
 19489 | Lair:8   | Reached XP level 14. HP: 78/78 MP: 18/18
 19492 | Lair:8   | Received a gift from Okawaru
 19596 | Lair:8   | Reached skill level 6 in Fighting
 20009 | Lair:8   | Reached skill level 7 in Fighting
 20174 | Lair:8   | Reached skill level 8 in Fighting
 20261 | Lair:8   | Received a gift from Okawaru
 20394 | Lair:8   | Reached skill level 9 in Fighting
 21079 | Lair:2   | Killed Nergalle
 21079 | Lair:2   | Reached skill level 10 in Fighting
 21230 | D:11     | Found a flagged portal.
 21243 | Bailey   | Entered a bailey
 21319 | Bailey   | Noticed oplop's ghost (experienced KoBe)
 21324 | Bailey   | Killed oplop's ghost
 21775 | D:11     | Reached skill level 11 in Fighting
 22187 | D:11     | Received a gift from Okawaru
 22551 | D:12     | Reached skill level 12 in Fighting
 23211 | D:12     | Reached XP level 15. HP: 95/97 MP: 19/19
 23502 | Lair:5   | Paralysed by Rupert for 5 turns
 24050 | Lair:6   | Learned a level 1 spell: Summon Butterflies
 24056 | Lair:6   | Learned a level 5 spell: Summon Mana Viper
 24060 | Lair:6   | Learned a level 3 spell: Flight
 24261 | Orc:1    | Entered Level 1 of the Orcish Mines
 24285 | Orc:1    | Reached skill level 1 in Summonings
 24349 | Orc:1    | Found Hinwugesk's Gadget Shoppe.
 25060 | Orc:2    | Reached skill level 2 in Summonings
 25448 | Orc:2    | Reached skill level 3 in Summonings
 25775 | Orc:3    | Noticed Snorg
 25783 | Orc:3    | Killed Snorg
 25783 | Orc:3    | Received a gift from Okawaru
 25783 | Orc:3    | Reached skill level 4 in Summonings
 25913 | Orc:3    | Noticed Urug
 26509 | Orc:4    | Entered Level 4 of the Orcish Mines
 26750 | Orc:4    | Received a gift from Okawaru
 26774 | Orc:4    | Reached skill level 20 in Crossbows
 26859 | Orc:4    | Found a staircase to the Elven Halls.
 27697 | Orc:4    | Reached skill level 5 in Summonings
 27901 | Orc:4    | Received a gift from Okawaru
 28008 | Orc:4    | Reached skill level 6 in Summonings
 28223 | Orc:4    | Found Atwog's Antique Armour Shoppe.
 28225 | Orc:4    | Found Atraq's Assorted Antiques.
 28230 | Orc:4    | Found Regaiz's Antique Armour Shoppe.
 28231 | Orc:4    | Found Koiqimev's Magic Scroll Shoppe.
 28241 | Orc:4    | Bought a scroll of acquirement for 884 gold pieces
 28241 | Orc:4    | Bought a scroll of acquirement for 884 gold pieces
 28242 | Orc:4    | Bought a shimmering ring mail for 279 gold pieces
 28242 | Orc:4    | Bought a citrine-encrusted ring mail for 279 gold pieces
 28246 | Orc:4    | Bought a scroll of identify for 72 gold pieces
 28263 | Orc:4    | Identified the +5 ring mail "Ycua" {rF+ MR+} (You bought it in a shop on level 4 of the Orcish Mines)
 28273 | Orc:4    | Identified the +5 ring mail of Supple Strength {rElec rC+++ rN+ Str-3} (You bought it in a shop on level 4 of the Orcish Mines)
 28738 | D:13     | Reached skill level 1 in Armour
 29050 | D:13     | Reached skill level 2 in Armour
 29155 | D:13     | Received a gift from Okawaru
 29298 | D:13     | HP: 24/97 [enchanted long sword (11)]
 29586 | D:13     | Reached skill level 3 in Armour
 29620 | D:13     | Found a gate to the Vaults.
 29955 | D:14     | Reached skill level 4 in Armour
 30821 | D:14     | Reached XP level 16. HP: 103/103 MP: 20/20
 31048 | D:14     | Reached skill level 5 in Armour
 31409 | D:14     | Reached skill level 6 in Armour
 31413 | D:14     | HP: 20/103 [white ugly thing (19)]
 32217 | Swamp:1  | Entered Level 1 of the Swamp
 32247 | Swamp:1  | Reached skill level 1 in Charms
 32356 | Swamp:1  | Reached skill level 2 in Charms
 33059 | Swamp:1  | Reached skill level 3 in Charms
 33099 | Swamp:1  | Received a gift from Okawaru
 33106 | Swamp:1  | Got a shimmering crystal plate armour {god gift}
 33120 | Swamp:1  | Identified the +1 crystal plate armour of Good Intentions {rElec rN+ Dex-4 SInv} (Okawaru gifted it to you on level 1 of the Swamp)
 33214 | Swamp:1  | HP: 21/103 [spriggan druid/angry trees (10)]
 33215 | Swamp:1  | HP: 7/103 [spriggan druid/angry trees (15)]
 33547 | Swamp:1  | Reached skill level 4 in Charms
 33912 | Swamp:1  | Reached skill level 5 in Charms
 34722 | Swamp:2  | Reached skill level 6 in Charms
 36378 | Swamp:2  | Reached skill level 7 in Charms
 36562 | Swamp:3  | HP: 15/103 [shambling mangrove (24)]
 36567 | Swamp:3  | HP: 10/103 [wasp[a shambling mangrove] (7)]
 36929 | Swamp:3  | Received a gift from Okawaru
 37242 | Swamp:3  | Received a gift from Okawaru
 37541 | Swamp:3  | Reached skill level 8 in Charms
 37627 | Swamp:3  | Reached XP level 17. HP: 42/108 MP: 21/21
 38845 | Swamp:3  | Learned a level 4 spell: Animate Dead
 39312 | Swamp:4  | Reached skill level 7 in Armour
 39581 | Swamp:4  | Reached skill level 1 in Necromancy
 39742 | Swamp:4  | Reached skill level 2 in Necromancy
 39880 | Swamp:4  | Reached skill level 3 in Necromancy
 40758 | Swamp:4  | Noticed Nikola
 40783 | Swamp:4  | Reached skill level 11 in Dodging
 41125 | Swamp:4  | Killed Nikola
 41582 | Swamp:5  | Entered Level 5 of the Swamp
 41634 | Swamp:4  | Reached skill level 12 in Dodging
 41852 | Swamp:4  | Received a gift from Okawaru
 42252 | Swamp:5  | HP: 16/108 [seven-headed hydra (13)]
 42256 | Swamp:5  | HP: 5/108 [seven-headed hydra (6)]
 42692 | Swamp:5  | Received a gift from Okawaru
 42791 | Swamp:5  | Reached skill level 13 in Dodging
 42889 | Swamp:5  | HP: 32/162 [alligator[a spriggan druid] (16)]
 42895 | Swamp:5  | HP: 2/162 [alligator[a spriggan druid] (25)]
 42895 | Swamp:5  | Slain by an alligator

Action                   |  1- 3 |  4- 6 |  7- 9 | 10-12 | 13-15 | 16-18 || total
-------------------------+-------+-------+-------+-------+-------+-------++-------
Melee: Short sword       |    56 |       |       |       |       |       ||    56
       Dagger            |    57 |   229 |   503 |  1105 |  2090 |  1160 ||  5144
       Quick blade       |       |       |       |    10 |       |       ||    10
       Arbalest          |       |       |       |       |     5 |       ||     5
       Rapier            |       |       |       |       |       |    20 ||    20
 Fire: Hand crossbow     |       |     9 |    62 |   193 |   110 |       ||   374
       Arbalest          |       |       |       |       |   290 |       ||   290
       Triple crossbow   |       |       |       |       |   180 |   240 ||   420
 Cast: Summon Butterflie |       |       |       |       |     1 |     1 ||     2
Invok: Heroism           |       |       |       |     1 |     2 |       ||     3
       Finesse           |       |       |       |       |     3 |       ||     3
Evoke: Wand              |       |       |       |     3 |     2 |    10 ||    15
       Disc of storms    |       |       |       |       |     4 |       ||     4
       Deck              |       |       |       |       |       |     8 ||     8
  Use: Scroll            |     5 |     2 |    16 |    15 |    18 |    16 ||    72
       Potion            |       |     2 |     2 |     5 |     3 |    17 ||    29
 Stab: Sleeping          |     3 |     1 |     1 |     5 |     5 |     1 ||    16
       Distracted        |       |       |       |       |     2 |       ||     2
       Fleeing           |       |       |       |       |     1 |       ||     1
       Invisible         |       |       |       |       |     1 |       ||     1
       Paralysed         |       |       |       |       |       |     2 ||     2
  Eat: Chunk             |     7 |     5 |    15 |    27 |    54 |    30 ||   138
       Meat ration       |     1 |       |       |       |       |       ||     1

Vault maps used:
D:1:      dpeg_arrival_tiny_a
D:2:      serial_glass, glass_columns_a, glass_columns_a, dk_yredelemnul_ordeal
D:3:      lemuel_crystal_altar
D:4:      kennysheep_big_flooded_room, minmay_temple_entry_statues,
          serial_shops, nicolae_shop_waterfront
D:5:      first_bread, minmay_bad_closet, minmay_misc_feat_tiny, uniq_grinder,
          uniq_prince_ribbit1
D:6:      portal_sewer_entry_c, serial_shops, shop, nicolae_shop_statue_plus,
          shop, minmay_misc_feat_hallway, minivault_14, uniq_sigmund
D:7:      temple_statues, uniq_duvessa, uniq_menkaure
D:8:      grunt_temple_overflow_open
D:9:      nicolae_gozag_cash_rules_everything_around_me
D:10:     grunt_lair_entry_elf_guard_hut
D:11:     lemuel_flame_loot_2, enter_bailey_7
D:13:     erik_vaults_1
Temple:   circular_temple_12
Lair:1:   nicolae_quartered_pool_super
Lair:2:   special_room, grunt_megastairs_4, lemuel_fruit_fields,
          serial_bayou_shore_b, uniq_nergalle
Lair:3:   minmay_swamp_entry_worms
Lair:4:   spider_nest_entry_a, uniq_josephine
Lair:5:   uniq_maud, uniq_rupert
Lair:6:   nicolae_slime_entry_slimehenge, minivault_27, serial_bayou_shore_b
Lair:7:   serial_bayou_shore_a
Lair:8:   minmay_lair_end_enchanted_forest, infiniplex_staircase_pool
Swamp:1:  cheibrodos_swamp_heart_of_darkness, serial_swamp_ruin,
          evilmike_swamp_ruin_house_4, evilmike_swamp_ruin_house_6
Swamp:2:  evilmike_swamp_ruin_house_1
Swamp:3:  nicolae_swamp_little_tower, swamp_pool3
Swamp:4:  evilmike_swamp_ruin_house_5, hangedman_swamp_wriggling, uniq_nikola
Swamp:5:  swamp_alternative
Orc:1:    serial_shops, nicolae_shop_behind_doors
Orc:2:    lemuel_ogre_cave, statue_in_the_mist_lemuel, uniq_fannar
Orc:3:    nicolae_orc_pool_cavern, uniq_erolcha, uniq_urug, uniq_snorg
Orc:4:    st_orc_pillars
Sewer:    sewer_co_purgy_island
Bailey:   bailey_polearm_1, bailey

Table legend:
 A = Turns spent in this place as a percentage of turns spent in the entire game.
 B = Non-inter-level travel turns spent in this place as a percentage of non-inter-level travel turns spent in the entire game.
 C = Inter-level travel turns spent in this place as a percentage of turns spent in this place.
 D = Turns resting spent in this place as a percentage of non-inter-level travel turns spent in this place.
 E = Turns spent auto-exploring this place as a percentage of non-inter-level travel turns spent in this place.
 F = Non-inter-level travel turns spent in this place divided by the number of levels of this place that you've seen.
                   A       B       C       D       E      F
               +-------+-------+-------+-------+-------+----------------------
         Total | 100.0 | 100.0 |   0.4 |   1.2 |   4.3 | 615.2
       Dungeon |  35.1 |  35.0 |   0.6 |   0.9 |   5.9 | 522.9
        Temple |   0.2 |   0.2 |   0.0 |   0.0 |   0.0 |  41.0
          Lair |  34.1 |  34.1 |   0.3 |   0.6 |   1.8 | 891.5
         Swamp |  16.4 |  16.4 |   0.4 |   3.9 |   3.6 | 686.4
  Orcish Mines |  12.2 |  12.2 |   0.4 |   0.5 |   7.6 | 637.5
         Sewer |   0.7 |   0.7 |   0.0 |   0.0 |   0.0 | 148.0
        Bailey |   1.4 |   1.4 |   0.0 |   0.0 |   3.8 | 293.0
               +-------+-------+-------+-------+-------+----------------------

Table legend:
 A = Kills in this place as a percentage of kills in entire the game.
 B = Kills by you in this place as a percentage of kills by you in the entire game.
 C = Kills by friends in this place as a percentage of kills by friends in the entire game.
 D = Other kills in this place as a percentage of other kills in the entire game.
 E = Experience gained in this place as a percentage of experience gained in the entire game.
 F = Experience gained in this place divided by the number of levels of this place that you have seen.
                   A       B       C       D       E      F
               +-------+-------+-------+-------+-------+----------------------
         Total | 100.0 | 100.0 | 100.0 | 100.0 | 100.0 | 5514.9
       Dungeon |  35.2 |  35.5 |   0.0 |   0.0 |  21.6 | 2892.0
          Lair |  25.1 |  24.9 |  55.6 |   0.0 |  27.6 | 6469.9
         Swamp |  15.2 |  14.8 |  44.4 | 100.0 |  37.6 | 14083.8
  Orcish Mines |  22.4 |  22.6 |   0.0 |   0.0 |  11.3 | 5302.0
         Sewer |   0.4 |   0.4 |   0.0 |   0.0 |   0.1 | 139.0
        Bailey |   1.7 |   1.7 |   0.0 |   0.0 |   1.9 | 3493.0
               +-------+-------+-------+-------+-------+----------------------
